 Dungeon Crawl Stone Soup version 0.24-a0-439-g6dd8730de2 (webtiles) character file.

Game seed: 4510274275186028497

12560 theanonym the Carver (level 11, -17/81 HPs)
             Began as a Mummy Warper on June 17, 2019.
             Was a Priest of Yredelemnul.
             Killed from afar by a lindwurm (20 damage)
             ... with a blast of flame
             ... on level 1 of the Lair of Beasts.
             The game lasted 00:24:58 (15747 turns).

theanonym the Carver (Mummy Warper)                Turns: 15747, Time: 00:24:59

Health: -17/81     AC: 17    Str: 20    XL:     11   Next: 64%
Magic:  15/15      EV:  3    Int: 12    God:    Yredelemnul [***...]
Gold:   567        SH:  7    Dex: 12    Spells: 15/15 levels left

rFire    . . .     SeeInvis .   a - +3 double sword
rCold    . . .     Gourm    .   q - +0 shield
rNeg     + + +     Faith    .   d - +0 plate armour
rPois    ∞         Spirit   .   b - +0 helmet
rElec    .         Reflect  .   s - +2 cloak
rCorr    .         Harm     .   k - +1 pair of gloves
MR       +....                  (no boots)
Stlth    ..........             (no amulet)
HPRegen  0.23/turn              i - ring of fire
MPRegen  0.14/turn              o - +2 ring of strength

@: very slow
A: no food or potions, fire vulnerability, cold resistance 1, negative energy
resistance 3, torment resistance, unbreathing
a: Recall Undead Slaves, Injury Mirror, Animate Dead, Renounce Religion


Innate Abilities, Weirdness & Mutations

You do not eat or drink.
Your flesh is vulnerable to fire.
You are immune to poison.
Your flesh is cold resistant. (rC+)
You are immune to negative energy. (rN+++)
You are immune to unholy pain and torment.
You can survive without breathing.


   Skills:
 + Level 5.9 Fighting
 * Level 13.3 Long Blades
 - Level 0.7 Throwing
 + Level 2.6 Armour
 - Level 1.5 Dodging
 - Level 2.6 Spellcasting
   Level 2.4 Translocations
 - Level 6.2 Invocations


You had 15 spell levels left.
You didn't know any spells.
Your spell library contained the following spells:

 Spells                   Type           Power        Failure   Level  Hunger
 Flame Tongue             Conj/Fire      #....        100%        1    N/A
 Summon Small Mammal      Summ           #...         100%        1    N/A
 Blink                    Tloc           N/A          100%        2    N/A
 Call Imp                 Summ           #.......     100%        2    N/A
 Shroud of Golubria       Chrm/Tloc      #.....       100%        2    N/A
 Call Canine Familiar     Summ           #.......     100%        3    N/A
 Gell's Gravitas          Tloc           #.........   100%        3    N/A
 Lesser Beckoning         Tloc           #.........   100%        3    N/A
 Summon Guardian Golem    Hex/Summ       #.......     100%        3    N/A
 Teleport Other           Tloc           #.......     100%        3    N/A
 Iskenderun's Mystic Bla  Conj           #.......     100%        4    N/A
 Passage of Golubria      Tloc           N/A          100%        4    N/A
 Summon Ice Beast         Ice/Summ       #.......     100%        4    N/A
 Summon Lightning Spire   Summ/Air       #.......     100%        4    N/A
 Bolt of Draining         Conj/Necr      #.........   100%        5    N/A
 Irradiate                Conj/Tmut      #.........   100%        5    N/A
 Iskenderun's Battlesphe  Conj/Chrm      #.......     100%        5    N/A

Skill      XL: |  1  2  3  4  5  6  7  8  9 10 11 |
---------------+----------------------------------+-----
Long Blades    | 2 3 5 6 8 10 11 12 13 | 13.3
Invocations    | 2 5 6 |  6.2
Fighting       | 4 5 |  5.9
Armour         | 2 |  2.6
Throwing       | |  0.7
Dodging        | |  1.5
Spellcasting   | |  2.6
Translocations | |  2.4

Action                   |  1- 3 |  4- 6 |  7- 9 | 10-12 || total
-------------------------+-------+-------+-------+-------++-------
Melee: Falchion          |   122 |   334 |   170 |       ||   626
       Double sword      |       |       |   235 |   352 ||   587
Throw: Boomerang         |     1 |     4 |       |       ||     5
       Throwing net      |       |     2 |     5 |     2 ||     9
Invok: Animate Remains   |       |       |     8 |    13 ||    21
       Animate Dead      |       |       |       |    23 ||    23
       Injury Mirror     |       |       |       |     1 ||     1
Evoke: Wand              |       |    16 |    10 |    18 ||    44
  Use: Scroll            |       |     3 |    10 |     5 ||    18
 Stab: Held in net/web   |       |       |     1 |       ||     1
       Invisible         |       |       |       |     2 ||     2
       Distracted        |       |       |       |     2 ||     2
Armor: Ring mail         |    57 |    24 |       |       ||    81
       Leather armour    |     4 |       |       |       ||     4
       Plate armour      |       |   198 |   330 |   278 ||   806
Dodge: Dodged            |    94 |    95 |   107 |    77 ||   373
Block: Shield            |       |       |       |    68 ||    68
       Rpst.: Falchion   |    29 |    32 |     5 |       ||    66
       Double sword      |       |       |    17 |    15 ||    32

Inventory:

Hand Weapons
 a - a +3 double sword (weapon)
Missiles
 g - 4 boomerangs of dispersal (quivered)
 l - 16 boomerangs
 m - a throwing net
Armour
 b - a +0 helmet (worn)
 d - a +0 plate armour (worn)
 k - a +1 pair of gloves (worn)
 q - a +0 shield (worn)
 s - a +2 cloak (worn)
 t - a +0 hat of see invisible
Jewellery
 h - a +6 ring of dexterity
 i - a ring of fire (left hand)
 o - a +2 ring of strength (right hand)
 v - an uncursed ring of ice
 z - an uncursed ring of wizardry {unknown}
Wands
 c - a wand of clouds (1)
 f - a wand of random effects (18)
 j - a wand of polymorph (4)
 w - a wand of flame (51)
 x - a wand of enslavement (5)
Scrolls
 e - a scroll of torment
 n - 9 scrolls of remove curse
 p - a scroll of amnesia
 r - 6 scrolls of identify
 u - a scroll of immolation {unknown}
 y - a scroll of magic mapping


You were on level 1 of the Lair of Beasts.
You worshipped Yredelemnul.
Yredelemnul was most pleased with you.
You were not hungry.

You visited 3 branches of the dungeon, and saw 12 of its levels.

You collected 717 gold pieces.
You spent 150 gold pieces at shops.

Dungeon Overview and Level Annotations

Branches:
Dungeon (10/15)            Temple (1/1) D:6            Lair (1/6) D:8
    Orc (0/2) D:10

Altars:
Ashenzari
Dithmenos
Elyvilon
Hepliaklqana
Kikubaaqudgha
Okawaru
Qazlal
Sif Muna
Vehumet
Xom
Yredelemnul
Zin
The Shining One

Shops:
D:4 %   D:5 !   D:6 * D:10

! #######♣♣♣♣
#≈≈≈≈≈'≈≈≈♣♣ ♣
#≈≈ZZZ#≈≈≈P♣ ♣♣♣
#≈≈≈Z##♣≈≈≈♣ ♣..
#.#ZZ# ♣ZZZ♣♣ ♣♣♣P.
###Z≈# ♣≈≈≈≈♣ ♣.P..
##z≈≈# #≈≈Z≈♣♣♣P...
#≈@≈## ♣≈≈≈♣♣♣P....
#k§## #♣≈≈♣♣♣....≈
#≈§Z ♣≈≈≈♣♣P.≈≈≈≈
#≈≈§# #♣♣≈≈≈♣≈P≈≈≈≈
##≈k≈##.♣≈≈≈♣≈≈≈≈≈≈
##≈≈#Z♣≈ZP♣♣≈≈≈≈≈≈
##≈##♣Z≈≈♣♣≈≈≈≈≈≈
≈≈≈≈##♣≈Z≈≈≈≈≈≈.≈≈
#≈≈≈# ♣Z≈≈≈≈≈≈≈..≈


You could see a lindwurm, a friendly wight, 2 friendly basilisk zombies, a
friendly black mamba zombie, a friendly porcupine zombie, 2 friendly yak
zombies, a friendly wyvern zombie and the friendly Fannar the elf zombie.

Notes
Turn   | Place    | Note
-------+----------+-------------------------------------------
     0 | D:1      | theanonym the Mummy Warper began the quest for the Orb.
     0 | D:1      | Reached XP level 1. HP: 16/16 MP: 4/4
    41 | D:1      | HP: 7/16 [goblin (4)]
   272 | D:1      | Reached skill level 2 in Long Blades
   345 | D:1      | Reached XP level 2. HP: 22/22 MP: 5/5
   769 | D:1      | Reached XP level 3. HP: 27/27 MP: 7/7
   795 | D:1      | Reached skill level 3 in Long Blades
  1089 | D:2      | Noticed Jessica
  1098 | D:2      | HP: 12/27 [Jessica/puff of flame (7)]
  1341 | D:2      | Killed Jessica
  1596 | D:2      | Reached XP level 4. HP: 33/33 MP: 8/8
  1760 | D:2      | HP: 14/33 [hobgoblin/+0 club (4)]
  1974 | D:2      | Found a stormy altar of Qazlal.
  1981 | D:2      | Found a glowing golden altar of the Shining One.
  1988 | D:2      | Found a shadowy altar of Dithmenos.
  1995 | D:2      | Found a radiant altar of Vehumet.
  2002 | D:2      | Found a white marble altar of Elyvilon.
  2009 | D:2      | Found a hazy altar of Hepliaklqana.
  2014 | D:2      | Found a shimmering altar of Xom.
  2175 | D:2      | Reached skill level 4 in Long Blades
  2371 | D:3      | HP: 13/33 [worm (8)]
  2678 | D:3      | HP: 16/33 [hobgoblin (3)]
  2929 | D:3      | Noticed Grinder
  2971 | D:3      | Paralysed by Grinder for 2 turns
  2981 | D:3      | Paralysed by Grinder for 6 turns
  2989 | D:3      | Paralysed by Grinder for 5 turns
  2995 | D:3      | Killed Grinder
  2995 | D:3      | Reached skill level 5 in Long Blades
  2995 | D:3      | Reached XP level 5. HP: 32/38 MP: 9/9
  2995 | D:3      | Reached XP level 6. HP: 38/44 MP: 10/10
  3099 | D:3      | Found a shattered altar of Ashenzari.
  3442 | D:3      | Found a faded altar of an unknown god.
  3510 | D:3      | Found a basalt altar of Yredelemnul.
  3518 | D:3      | Became a worshipper of Yredelemnul the Dark
  3763 | D:4      | HP: 19/44 [phantom (7)]
  3767 | D:4      | Reached skill level 6 in Long Blades
  4034 | D:4      | Reached XP level 7. HP: 27/50 MP: 11/11
  4446 | D:4      | Found Xiraecuweoh's Food Shoppe.
  5206 | D:5      | Entered Level 5 of the Dungeon
  5485 | D:5      | Reached skill level 7 in Long Blades
  5684 | D:5      | HP: 25/50 [centaur/arrow (8)]
  5691 | D:5      | HP: 23/50 [centaur (1)]
  5764 | D:5      | HP: 23/50 [necrophage (5)]
  5770 | D:4      | HP: 20/50 [necrophage (3)]
  6212 | D:5      | Found Rell's Distillery.
  6508 | D:6      | Found a deep blue altar of Sif Muna.
  6537 | D:6      | Reached skill level 8 in Long Blades
  6537 | D:6      | Reached XP level 8. HP: 40/56 MP: 12/12
  6662 | D:6      | Found Duprejiukk's Desiderata Depot.
  6671 | D:6      | Bought a +0 double sword for 150 gold pieces
  6685 | D:6      | Found a staircase to the Ecumenical Temple.
  6871 | D:6      | Reached * piety under Yredelemnul
  6937 | D:6      | Reached skill level 9 in Long Blades
  7312 | Temple   | Entered the Ecumenical Temple
  7435 | D:6      | HP: 28/56 [ogre/+0 giant spiked club (14)]
  7437 | D:6      | HP: 10/56 [ogre/+0 giant spiked club (18)]
  8059 | D:7      | Noticed Pikel
  8069 | D:7      | Pikel changed into something unseen
  8243 | D:7      | HP: 28/56 [something (3)]
  8249 | D:7      | Killed Pikel the unseen horror
  8249 | D:7      | Reached skill level 10 in Long Blades
  8249 | D:7      | Reached skill level 2 in Invocations
  8249 | D:7      | Reached XP level 9. HP: 26/61 MP: 13/13
  8464 | D:7      | Found an iron altar of Okawaru.
  8481 | D:7      | Reached skill level 3 in Invocations
  8669 | D:7      | Noticed a deep elf mage
  8684 | D:7      | Killed a deep elf mage
  8684 | D:7      | Reached skill level 4 in Invocations
  8686 | D:7      | HP: 28/61 [wraith (4)]
  9077 | D:8      | Reached skill level 5 in Invocations
  9235 | D:8      | Reached ** piety under Yredelemnul
  9244 | D:8      | HP: 30/61 [hippogriff (1)]
  9245 | D:8      | Reached skill level 11 in Long Blades
  9453 | D:8      | Reached XP level 10. HP: 66/67 MP: 14/14
  9632 | D:8      | HP: 30/67 [killer bee (7)]
  9637 | D:8      | HP: 27/67 [killer bee (2)]
  9641 | D:8      | HP: 13/67 [killer bee (4)]
  9649 | D:8      | HP: 11/67 [killer bee (3)]
  9651 | D:8      | HP: 5/67 [killer bee (5)]
 10013 | D:8      | HP: 30/67 [killer bee (6)]
 10331 | D:8      | Found a staircase to the Lair.
 10337 | D:8      | Noticed a two-headed ogre
 10350 | D:8      | HP: 33/67 [two-headed ogre/+0 giant club (4)]
 10351 | D:8      | HP: 10/67 [two-headed ogre/+0 giant club (23)]
 10351 | D:8      | HP: 2/67 [two-headed ogre/+0 giant club (8)]
 10356 | D:8      | Killed a two-headed ogre
 11099 | D:9      | HP: 33/67 [killer bee (7)]
 11100 | D:9      | Reached skill level 12 in Long Blades
 11110 | D:9      | Noticed Maurice
 11131 | D:9      | HP: 19/68 [disintegration (20)]
 11132 | D:9      | Killed Maurice
 11201 | D:9      | HP: 29/69 [worker ant (5)]
 11410 | D:9      | Reached skill level 3 in Fighting
 11461 | D:9      | Noticed Prince Ribbit
 11476 | D:9      | Killed Prince Ribbit
 11529 | D:9      | Found a glowing silver altar of Zin.
 11641 | D:9      | Found an ancient bone altar of Kikubaaqudgha.
 11654 | D:9      | Your ally Prince Ribbit died
 11674 | D:9      | Noticed Erica
 11676 | D:9      | Noticed Joseph
 11678 | D:9      | HP: 32/70 [Joseph/sling bullet (5)]
 11690 | D:9      | Killed Erica
 11690 | D:9      | Killed Joseph
 12010 | D:9      | HP: 33/70 [sky beast (6)]
 12372 | D:9      | Reached *** piety under Yredelemnul
 12374 | D:9      | HP: 34/71 [centaur (3)]
 12575 | D:9      | Identified the Volume of Blows and Bruises
 12687 | D:9      | Found an ancient bone altar of Kikubaaqudgha.
 13063 | D:10     | Entered Level 10 of the Dungeon
 13094 | D:10     | Reached skill level 4 in Fighting
 13095 | D:10     | HP: 35/71 [orc warrior/+0 battleaxe (17)]
 13298 | D:9      | HP: 30/71 [orc warrior/+0 dire flail (14)]
 13570 | D:10     | HP: 31/71 [orc warrior/cursed +0 short sword (7)]
 13575 | D:9      | HP: 22/71 [orc wizard/+0 dagger (1)]
 13900 | D:10     | Found Xakotehun's Distillery.
 13905 | D:10     | Noticed Psyche
 13912 | D:10     | Killed Psyche
 13912 | D:10     | Reached XP level 11. HP: 60/77 MP: 15/15
 14127 | D:10     | Found a staircase to the Orcish Mines.
 14719 | Lair:1   | Entered Level 1 of the Lair of Beasts
 14747 | Lair:1   | Noticed Gastronok
 14759 | Lair:1   | Received a gift from Yredelemnul (a wight)
 14772 | Lair:1   | HP: 33/78 [Gastronok/the air (33)]
 14774 | Lair:1   | Killed Gastronok
 14774 | Lair:1   | Reached skill level 6 in Invocations
 14992 | Lair:1   | Reached skill level 5 in Fighting
 14992 | Lair:1   | Reached skill level 1 in Armour
 15011 | Lair:1   | Reached skill level 13 in Long Blades
 15214 | Lair:1   | Noticed Fannar
 15233 | Lair:1   | HP: 37/80 [ice beast[Fannar] (5)]
 15234 | Lair:1   | Killed Fannar
 15234 | Lair:1   | Reached skill level 2 in Armour
 15633 | Lair:1   | Noticed a lindwurm
 15633 | Lair:1   | Noticed a lindwurm
 15653 | Lair:1   | Found a runed translucent door.
 15745 | Lair:1   | HP: 38/81 [lindwurm/blast of flame (3)]
 15746 | Lair:1   | HP: 10/81 [something/blast of flame (25)]
 15747 | Lair:1   | HP: 3/81 [something] (7)]
 15747 | Lair:1   | Killed from afar by a lindwurm

Vanquished Creatures
  Gastronok (Lair:1)
  Fannar (Lair:1)
  A two-headed ogre (D:8)
  An unseen horror (D:7)
  A deep elf mage (D:7)
  Maurice (D:9)
  A black mamba (Lair:1)
  Psyche (D:10)
  A rime drake (Lair:1)
  Grinder (D:3)
  A hippogriff (D:8)
  3 yaks
  3 wyverns
  A wraith (D:7)
  2 humans (D:7)
  3 water moccasins
  2 ice beasts (D:9)
  A slave (D:7)
  An eye of draining (D:9)
  2 sky beasts
  2 phantoms
  A necrophage (D:4)
  4 ogres
  4 orc warriors
  6 centaurs
  A crocodile (Lair:1)
  A big kobold (D:8)
  5 bullfrogs
  A wyvern skeleton (D:6)
  11 killer bees
  3 howler monkeys
  7 crimson imps
  A quasit (Temple)
  A bullfrog zombie (D:9)
  4 jellies
  3 orc priests
  2 hounds (D:6)
  5 orc wizards
  A centaur skeleton (D:6)
  Jessica (D:2)
  An iguana (D:4)
  5 worker ants
  A killer bee zombie (D:8)
  5 hound skeletons
  2 worker ant zombies
  3 gnolls (D:6)
  8 adders
  3 shadow imps
  2 adder zombies
  An adder skeleton (D:5)
  4 worms
  4 dart slugs
  5 leopard geckos
  27 orcs
  2 ball pythons
  9 bats
  8 giant cockroaches
  2 gnoll zombies (D:3)
  10 hobgoblins
  4 jackals (D:1)
  4 quokkas
  5 frilled lizards
  13 goblins
  9 kobolds
  A quokka skeleton (D:7)
  A quokka zombie (D:6)
  11 rats
243 creatures vanquished.

Vanquished Creatures (collateral kills)
  An elephant (Lair:1)
  3 spiny frogs (Lair:1)
  Prince Ribbit (D:9)
  2 basilisks (Lair:1)
  3 yaks (Lair:1)
  A water moccasin (Lair:1)
  A porcupine (Lair:1)
  An orc warrior (D:9)
  An ogre (D:7)
  A big kobold (D:9)
  A bullfrog (D:8)
  A centaur zombie (D:8)
  An orc priest (D:9)
  An orc wizard (D:9)
  An adder (D:9)
  An adder skeleton (D:8)
  5 orcs
  4 kobolds (D:9)
  2 fungi (Lair:1)
  A plant (Lair:1)
33 creatures vanquished.

Vanquished Creatures (others)
  Erica (D:9)
  Joseph (D:9)
  A spiny frog zombie (Lair:1)
  A rime drake zombie (Lair:1)
  A wyvern zombie (D:9)
  A water moccasin zombie (Lair:1)
  A centaur zombie (D:9)
  A human zombie (D:9)
  2 killer bee zombies (D:9)
  An ogre zombie (D:9)
  A sky beast zombie (D:8)
  A howler monkey zombie (D:8)
  A worker ant zombie (D:9)
  3 adder zombies
  A kobold (D:2)
  A leopard gecko zombie (D:8)
  An orc zombie (D:8)
  11 toadstools (Lair:1)
31 creatures vanquished.

Grand Total: 307 creatures vanquished

Table legend:
 A = Turns spent in this place as a percentage of turns spent in the entire game.
 B = Non-inter-level travel turns spent in this place as a percentage of non-inter-level travel turns spent in the entire game.
 C = Inter-level travel turns spent in this place as a percentage of turns spent in this place.
 D = Turns resting spent in this place as a percentage of non-inter-level travel turns spent in this place.
 E = Turns spent auto-exploring this place as a percentage of non-inter-level travel turns spent in this place.
 F = Non-inter-level travel turns spent in this place divided by the number of levels of this place that you've seen.
                   A       B       C       D       E      F
               +-------+-------+-------+-------+-------+----------------------
         Total | 100.0 | 100.0 |   3.9 |  47.6 |  35.5 | 1261.0
       Dungeon |  92.7 |  92.4 |   4.2 |  46.8 |  36.5 | 1398.5
        Temple |   0.8 |   0.8 |   0.0 |  88.3 |   0.0 | 120.0
          Lair |   6.5 |   6.8 |   0.1 |  53.6 |  26.1 | 1027.0
               +-------+-------+-------+-------+-------+----------------------
